Capitals vs Jets
Created - March 25, 2020 at 19:37
Goals
|
| Capitals |
1 |
0 |
1 |
2 |
| Jets |
1 |
1 |
1 |
3 |
|
Shots
|
| Capitals |
9 |
15 |
6 |
30 |
| Jets |
6 |
13 |
14 |
33 |
|
1st period
1. Jets , Derek Roy 11 (Derek Stepan 61, Adam Henrique 44) at 3:52 (PP)
2. Capitals , Brian McGrattan 5 (Ryan Getzlaf 15, Thomas Vanek 12) at 9:32
Penalties :
Ryan Getzlaf (Was) for Hooking (Minor) at 2:20, Bobby Ryan (Win) for Hooking (Minor) at 11:52, Joe Pavelski (Was) for Holding (Minor) at 15:47
2nd period
3. Jets , Erik Haula 10 (Kevin Hayes 9, Tyler Myers 32) at 19:36
Penalties :
Ryan Getzlaf (Was) for Holding (Minor) at 3:14, Bobby Ryan (Win) for Roughing (Minor) at 6:46, Brent Burns (Was) for Interference (Minor) at 19:39
3rd period
4. Jets , Ryan Johansen 20 (Marcus Johansson 30) at 1:45
5. Capitals , Ondrej Palat 8 (Joe Thornton 41) at 18:26
Penalties :
Tyler Myers (Win) for Diving (Minor) at 1:56, Ryan Getzlaf (Was) for High sticking (Minor) at 18:46
Goalie Stats
Tuukka Rask (Was), 30 saves from 33 shots - (0.909), L, 18-16-4, 60:00 minutes
Kari Lehtonen (Win), 28 saves from 30 shots - (0.933), W, 12-11-2, 60:00 minutes
Players Stats for Capitals
Player Name G A P +/- PIM S H SB GA TA FO MP PP MP PK MP
------------------------------------------------------------------------------------
Brent Burns 0 0 0 0 2 0 1 1 1 1 0/0 26:58 3:15 3:53
Brian McGrattan 1 0 1 0 0 3 1 0 1 0 2/2 16:36 2:41 0:00
Dan Hamhuis 0 0 0 -1 0 1 1 2 1 2 0/0 21:00 2:42 3:45
Jeff Skinner 0 0 0 0 0 0 0 0 0 0 0/0 2:14 0:12 0:00
Joe Pavelski 0 0 0 1 2 4 2 1 2 0 1/3 24:48 3:16 4:18
Joe Thornton 0 1 1 1 0 3 3 0 0 1 20/33 25:39 3:16 5:25
Josh Manson 0 0 0 0 0 0 0 0 0 0 0/0 1:40 0:00 0:00
Mikko Koivu 0 0 0 -1 0 4 0 1 0 0 2/9 13:17 0:00 0:45
Ondrej Palat 1 0 1 1 0 1 0 0 0 0 0/1 5:53 0:00 1:15
Patrick Sharp 0 0 0 0 0 1 1 0 0 0 1/1 19:08 2:41 2:05
Pernell Karl Subban 0 0 0 0 0 1 0 0 1 1 0/0 26:22 3:15 4:57
Peter Worrell 0 0 0 -1 0 0 0 0 0 1 2/2 12:49 0:00 0:21
Roman Josi 0 0 0 1 0 0 0 0 0 1 0/0 12:02 0:00 1:04
Ryan Getzlaf 0 1 1 0 6 3 1 0 0 0 6/11 17:30 2:41 0:00
Ryan Suter 0 0 0 1 0 0 0 0 0 0 0/0 10:58 0:00 0:00
T.J. Oshie 0 0 0 -1 0 3 1 0 0 0 0/0 14:18 0:00 1:10
Thomas Vanek 0 1 1 0 0 4 0 1 0 1 1/7 19:01 3:04 2:05
Torey Krug 0 0 0 -1 0 2 2 1 0 0 0/0 21:00 2:42 3:45
Players Stats for Jets
Player Name G A P +/- PIM S H SB GA TA FO MP PP MP PK MP
------------------------------------------------------------------------------------
Adam Henrique 0 1 1 0 0 4 2 0 1 0 1/1 19:51 5:28 0:00
Bobby Ryan 0 0 0 1 4 2 1 0 0 0 1/4 18:23 3:10 0:35
Derek Roy 1 0 1 -1 0 5 0 1 0 0 5/9 14:47 5:28 0:00
Derek Stepan 0 1 1 0 0 2 1 0 0 0 10/22 19:51 5:28 0:00
Eric Gelinas 0 0 0 -1 0 1 1 1 1 0 0/0 20:45 3:58 2:46
Erik Haula 1 0 1 -1 0 1 0 0 0 0 2/3 13:17 0:04 3:13
Jacob Trouba 0 0 0 0 0 1 0 2 0 1 0/0 14:20 0:00 2:25
Jared Spurgeon 0 0 0 0 0 1 0 0 1 0 0/0 11:22 0:00 0:00
Jason Akeson 0 0 0 0 0 2 0 1 0 0 2/2 14:22 0:00 0:00
Josh Bailey 0 0 0 0 0 0 0 1 0 0 0/0 7:07 0:00 0:00
Kevin Hayes 0 1 1 -1 0 3 3 0 0 0 0/0 9:54 0:04 0:00
Marco Scandella 0 0 0 1 0 1 2 4 1 2 0/0 27:35 4:44 3:32
Marcus Johansson 0 1 1 1 0 2 1 0 1 1 1/1 19:09 3:10 2:04
Oscar Klefbom 0 0 0 -1 0 1 3 2 0 0 0/0 18:30 3:58 1:04
Ronalds Kenins 0 0 0 0 0 1 1 1 0 0 0/0 10:15 0:00 3:08
Ryan Johansen 1 0 1 1 0 4 1 0 1 0 12/26 20:14 3:10 2:45
Sam Gagner 0 0 0 0 0 1 0 0 0 1 0/1 7:52 0:04 0:09
Tyler Myers 0 1 1 1 2 1 5 0 2 1 0/0 26:26 4:44 2:07
3 Stars
1 - Ryan Johansen (Win)
2 - Ondrej Palat (Was)
3 - Kari Lehtonen (Win)
Power Play
Capitals - 0 on 3 Attempt(s) - 0.00%
Jets - 1 on 5 Attempt(s) - 20.00%
Penalty Kill
Capitals - 4 on 5 Attempt(s) - 80.00%
- Score 0 goal in Penalty Kill
Jets - 3 on 3 Attempt(s) - 100.00%
- Score 0 goal in Penalty Kill
Team Stat
Capitals - Hits : 13 - Faceoff Wins : 35 - Blocked Shots : 7 - Penalty Minutes : 10
Jets - Hits : 21 - Faceoff Wins : 34 - Blocked Shots : 13 - Penalty Minutes : 6
Official
Referees : Unknown
Linesman : Unknown
Game Notes
No Game Note
Finance
Level 1 -- Attendance: 5460 (91.00%) -- Ticket Income $567,840
Level 2 -- Attendance: 3438 (68.76%) -- Ticket Income $257,850
Level 3 -- Attendance: 1403 (70.15%) -- Ticket Income $64,538
Level 4 -- Attendance: 3626 (90.65%) -- Ticket Income $97,902
Luxury Box -- Attendance: 751 (75.10%) -- Ticket Income $142,690
Game was played at the MTS Center.
Total Attendance: 14678 (81.54%)
Total Ticket Income: $1,130,820
Other Income: $169,623
Total Income: $1,300,443
Capitals
5 vs 5 Forward
Center Left Wing Right Wing Time % Phy DF OF
1 Joe Thornton Thomas Vanek Joe Pavelski 40 1 2 2
2 Ryan Getzlaf Patrick Sharp Brian McGrattan 30 1 2 2
3 Mikko Koivu Peter Worrell T.J. Oshie 20 1 2 2
4 Joe Thornton Ondrej Palat Joe Pavelski 10 1 2 2
5 vs 5 Defense
Defense Defense Time % Phy DF OF
1 Brent Burns Pernell Karl Subban 40 1 2 2
2 Torey Krug Dan Hamhuis 30 1 2 2
3 Ryan Suter Roman Josi 20 1 2 2
4 Josh Manson Brent Burns 10 1 2 2
PowerPlay Forward
Center Left Wing Right Wing Time % Phy DF OF
1 Joe Thornton Thomas Vanek Joe Pavelski 60 1 2 2
2 Ryan Getzlaf Patrick Sharp Brian McGrattan 40 1 2 2
PowerPlay Defense
Defense Defense Time % Phy DF OF
1 Brent Burns Pernell Karl Subban 60 1 2 2
2 Torey Krug Dan Hamhuis 40 1 2 2
Penalty Kill 4 Players Forward
Center Wing Time % Phy DF OF
1 Joe Thornton Joe Pavelski 60 1 2 2
2 Thomas Vanek Patrick Sharp 40 1 2 2
Penalty Kill 4 Players Defense
Defense Defense Time % Phy DF OF
1 Brent Burns Pernell Karl Subban 60 1 2 2
2 Torey Krug Dan Hamhuis 40 1 2 2
Penalty Kill - 3 Players Forward
Forward Time % Phy DF OF
1 Joe Thornton 60 1 2 2
2 Joe Pavelski 40 1 2 2
Penalty Kill - 3 Players Defense
Defense Defense Time % Phy DF OF
1 Brent Burns Pernell Karl Subban 60 1 2 2
2 Torey Krug Dan Hamhuis 40 1 2 2
4 vs 4 Forward
Center Wing Time % Phy DF OF
1 Joe Thornton Joe Pavelski 60 1 2 2
2 Thomas Vanek Patrick Sharp 40 1 2 2
4 vs 4 Defense
Defense Defense Time % Phy DF OF
1 Brent Burns Pernell Karl Subban 60 1 2 2
2 Torey Krug Dan Hamhuis 40 1 2 2
Last Minutes Offensive
Center Left Wing Right Wing Defense Defense
Joe Thornton Thomas Vanek Joe Pavelski Brent Burns Pernell Karl Subban
Last Minutes Defensive
Center Left Wing Right Wing Defense Defense
Joe Thornton Thomas Vanek Joe Pavelski Brent Burns Pernell Karl Subban
Goaltenders
Starting : Tuukka Rask
Backup : Mike Smith
Extra Forwards
Normal : Jeff Skinner, Mikko Koivu, T.J. Oshie - PP : Jeff Skinner, Mikko Koivu - PK : T.J. Oshie
Extra Defensemen
Normal : Ryan Suter, Roman Josi, Josh Manson - PP : Ryan Suter - PK : Roman Josi, Josh Manson
Penalty Shots
Joe Thornton, Joe Pavelski, Thomas Vanek, Patrick Sharp, Ryan Getzlaf
Scratches
Ryan Nugent-Hopkins (Healthy), Jason Pominville (Bruised Left Arm Injury)
Jets
5 vs 5 Forward
Center Left Wing Right Wing Time % Phy DF OF
1 Derek Stepan Adam Henrique Jason Akeson 35 1 2 2
2 Ryan Johansen Marcus Johansson Bobby Ryan 35 1 2 2
3 Derek Roy Erik Haula Kevin Hayes 20 1 2 2
4 Sam Gagner Ronalds Kenins Josh Bailey 10 1 2 2
5 vs 5 Defense
Defense Defense Time % Phy DF OF
1 Marco Scandella Tyler Myers 40 2 2 1
2 Eric Gelinas Oscar Klefbom 30 1 2 2
3 Jared Spurgeon Jacob Trouba 20 0 2 3
4 Marco Scandella Tyler Myers 10 1 2 2
PowerPlay Forward
Center Left Wing Right Wing Time % Phy DF OF
1 Derek Stepan Adam Henrique Derek Roy 60 1 0 4
2 Ryan Johansen Marcus Johansson Bobby Ryan 40 0 0 5
PowerPlay Defense
Defense Defense Time % Phy DF OF
1 Marco Scandella Tyler Myers 60 0 1 4
2 Eric Gelinas Oscar Klefbom 40 1 2 2
Penalty Kill 4 Players Forward
Center Wing Time % Phy DF OF
1 Erik Haula Ronalds Kenins 60 1 3 1
2 Ryan Johansen Bobby Ryan 40 2 3 0
Penalty Kill 4 Players Defense
Defense Defense Time % Phy DF OF
1 Marco Scandella Tyler Myers 60 1 4 0
2 Jacob Trouba Eric Gelinas 40 1 4 0
Penalty Kill - 3 Players Forward
Forward Time % Phy DF OF
1 Erik Haula 60 0 4 1
2 Bobby Ryan 40 0 4 1
Penalty Kill - 3 Players Defense
Defense Defense Time % Phy DF OF
1 Marco Scandella Tyler Myers 60 0 4 1
2 Eric Gelinas Jacob Trouba 40 0 4 1
4 vs 4 Forward
Center Wing Time % Phy DF OF
1 Derek Stepan Adam Henrique 60 1 2 2
2 Ryan Johansen Marcus Johansson 40 1 2 2
4 vs 4 Defense
Defense Defense Time % Phy DF OF
1 Marco Scandella Eric Gelinas 60 1 2 2
2 Tyler Myers Oscar Klefbom 40 1 2 2
Last Minutes Offensive
Center Left Wing Right Wing Defense Defense
Derek Stepan Adam Henrique Bobby Ryan Oscar Klefbom Marco Scandella
Last Minutes Defensive
Center Left Wing Right Wing Defense Defense
Ryan Johansen Erik Haula Bobby Ryan Marco Scandella Tyler Myers
Goaltenders
Starting : Kari Lehtonen
Backup : Jonathan Bernier
Extra Forwards
Normal : Ryan Johansen, Erik Haula, Marcus Johansson - PP : Derek Stepan, Adam Henrique - PK : Bobby Ryan
Extra Defensemen
Normal : Tyler Myers, Marco Scandella, Eric Gelinas - PP : Tyler Myers - PK : Marco Scandella, Eric Gelinas
Penalty Shots
Ryan Johansen, Erik Haula, Adam Henrique, Sam Gagner, Marcus Johansson
Scratches
Nino Niederreiter (Left Ankle Injury)
% Time on Ice - Capitals
Lines # - Real PCT - Wanted PCT - Time Play
Normal Forward
1 - 32% - 40% - 14:24
2 - 32% - 30% - 14:22
3 - 27% - 20% - 12:27
4 - 9% - 10% - 4:08
Normal Defense
1 - 40% - 40% - 18:10
2 - 32% - 30% - 14:33
3 - 24% - 20% - 10:58
4 - 4% - 10% - 1:40
PP Forward
1 - 55% - 60% - 3:16
2 - 45% - 40% - 2:41
PP Defense
1 - 55% - 60% - 3:15
2 - 45% - 40% - 2:42
PK Forward
1 - 76% - 60% - 6:37
2 - 24% - 40% - 2:05
PK Defense
1 - 57% - 60% - 4:57
2 - 43% - 40% - 3:45
PK3 Forward
1 - 0% - 60%
2 - 0% - 40%
PK3 Defense
1 - 0% - 60%
2 - 0% - 40%
44 Forward
1 - 0% - 60%
2 - 0% - 40%
44 Defense
1 - 0% - 60%
2 - 0% - 40%
Last Minute Offensive - 0:00
Last Minute Defensive - 0:00
Total
Forward - 60:00
Defense - 60:00
|
% Time on Ice - Jets
Lines # - Real PCT - Wanted PCT - Time Play
Normal Forward
1 - 33% - 35% - 14:48
2 - 31% - 35% - 13:53
3 - 21% - 20% - 9:33
4 - 16% - 10% - 7:07
Normal Defense
1 - 42% - 40% - 18:56
2 - 32% - 30% - 14:26
3 - 24% - 20% - 10:57
4 - 2% - 10% - 1:02
PP Forward
1 - 64% - 60% - 5:32
2 - 36% - 40% - 3:10
PP Defense
1 - 54% - 60% - 4:44
2 - 46% - 40% - 3:58
PK Forward
1 - 80% - 60% - 4:45
2 - 20% - 40% - 1:12
PK Defense
1 - 68% - 60% - 4:04
2 - 32% - 40% - 1:53
PK3 Forward
1 - 0% - 60%
2 - 0% - 40%
PK3 Defense
1 - 0% - 60%
2 - 0% - 40%
44 Forward
1 - 0% - 60%
2 - 0% - 40%
44 Defense
1 - 0% - 60%
2 - 0% - 40%
Last Minute Offensive - 0:00
Last Minute Defensive - 0:00
Total
Forward - 60:00
Defense - 60:00
|
Play-by-Play
1st period
0:01 of 1st period - Derek Stepan wins face-off versus Thomas Vanek in neutral zone.
0:04 of 1st period - Thomas Vanek is hit by Derek Stepan and loses puck.
1:00 of 1st period - Snap shot by Mikko Koivu.
1:00 of 1st period - Shot Blocked by Eric Gelinas.
1:16 of 1st period - Wrist shot by Joe Pavelski.
1:16 of 1st period - Stopped by Kari Lehtonen with a rebound.
1:44 of 1st period - Wrist shot by Marcus Johansson.
1:44 of 1st period - Stopped by Tuukka Rask without a rebound.
1:45 of 1st period - Ryan Johansen wins face-off versus Mikko Koivu in Capitals zone.
1:52 of 1st period - Snap shot by Ryan Johansen.
1:52 of 1st period - Shot Misses the Net.
2:20 of 1st period - Minor Penalty to Ryan Getzlaf for Hooking.
2:21 of 1st period - Derek Stepan wins face-off versus Joe Thornton in Capitals zone.
2:21 of 1st period - Snap shot by Derek Roy.
2:21 of 1st period - Shot Misses the Net.
2:31 of 1st period - Wrist shot by Joe Pavelski.
2:31 of 1st period - Deflect By Joe Thornton.
2:31 of 1st period - Shot Blocked by Marco Scandella.
2:31 of 1st period - Puck is out of play.
2:32 of 1st period - Joe Thornton wins face-off versus Derek Stepan in Jets zone.
2:51 of 1st period - Backhand shot by Patrick Sharp.
2:51 of 1st period - Stopped by Kari Lehtonen without a rebound.
2:52 of 1st period - Ryan Johansen wins face-off versus Thomas Vanek in Jets zone.
3:42 of 1st period - Icing by Tyler Myers.
3:43 of 1st period - Ryan Johansen wins face-off versus Joe Thornton in Jets zone.
3:50 of 1st period - Snap shot by Adam Henrique.
3:50 of 1st period - Shot Misses the Net.
3:52 of 1st period - Slapshot by Derek Stepan.
3:52 of 1st period - Deflect By Derek Roy.
3:52 of 1st period - Goal by Derek Roy - Capitals : 0 - Jets : 1.
3:53 of 1st period - Jason Akeson wins face-off versus Joe Pavelski in neutral zone.
4:00 of 1st period - Snap shot by Derek Stepan.
4:00 of 1st period - Shot Misses the Net.
4:18 of 1st period - Pernell Karl Subban is hit by Tyler Myers and loses puck.
5:03 of 1st period - Brent Burns is hit by Eric Gelinas and loses puck.
5:17 of 1st period - Icing by T.J. Oshie.
5:18 of 1st period - Mikko Koivu wins face-off versus Derek Stepan in Capitals zone.
6:31 of 1st period - Wrist shot by Joe Pavelski.
6:31 of 1st period - Shot Misses the Net.
7:08 of 1st period - Torey Krug is hit by Kevin Hayes and loses puck.
7:29 of 1st period - Wrist shot by Adam Henrique.
7:29 of 1st period - Stopped by Tuukka Rask without a rebound.
7:30 of 1st period - Ryan Getzlaf wins face-off versus Ryan Johansen in Capitals zone.
7:35 of 1st period - Slapshot by Ryan Johansen.
7:35 of 1st period - Shot Misses the Net.
7:47 of 1st period - Dan Hamhuis is hit by Adam Henrique and loses puck.
7:52 of 1st period - Snap shot by Adam Henrique.
7:52 of 1st period - Stopped by Tuukka Rask without a rebound.
7:53 of 1st period - Derek Stepan wins face-off versus Thomas Vanek in Capitals zone.
8:10 of 1st period - Snap shot by Adam Henrique.
8:10 of 1st period - Shot Misses the Net.
8:24 of 1st period - Snap shot by Ryan Johansen.
8:24 of 1st period - Stopped by Tuukka Rask without a rebound.
8:25 of 1st period - Ryan Getzlaf wins face-off versus Ryan Johansen in Capitals zone.
8:36 of 1st period - Snap shot by Ryan Getzlaf.
8:36 of 1st period - Stopped by Kari Lehtonen without a rebound.
8:37 of 1st period - Ryan Johansen wins face-off versus Joe Thornton in Jets zone.
8:42 of 1st period - Joe Pavelski is hit by Tyler Myers.
8:48 of 1st period - Slapshot by Joe Pavelski.
8:48 of 1st period - Stopped by Kari Lehtonen with a rebound.
8:50 of 1st period - Snap shot by Thomas Vanek.
8:50 of 1st period - Shot Misses the Net.
8:52 of 1st period - Snap shot by Dan Hamhuis.
8:52 of 1st period - Shot Misses the Net.
9:02 of 1st period - Wrist shot by Mikko Koivu.
9:02 of 1st period - Stopped by Kari Lehtonen without a rebound.
9:03 of 1st period - Peter Worrell wins face-off versus Derek Stepan in Jets zone.
9:32 of 1st period - Wrist shot by Brian McGrattan.
9:32 of 1st period - Goal by Brian McGrattan - Capitals : 1 - Jets : 1.
9:33 of 1st period - Ryan Johansen wins face-off versus Joe Thornton in neutral zone.
9:36 of 1st period - Joe Pavelski is hit by Marco Scandella and loses puck.
11:48 of 1st period - Wrist shot by Joe Pavelski.
11:48 of 1st period - Stopped by Kari Lehtonen without a rebound.
11:49 of 1st period - Marcus Johansson wins face-off versus Ryan Getzlaf in Jets zone.
11:49 of 1st period - Marcus Johansson is hit by Patrick Sharp.
11:52 of 1st period - Minor Penalty to Bobby Ryan for Hooking.
11:53 of 1st period - Joe Thornton wins face-off versus Erik Haula in Jets zone.
13:09 of 1st period - Icing by Joe Thornton.
13:10 of 1st period - Joe Pavelski wins face-off versus Ryan Johansen in Capitals zone.
13:52 of 1st period - Penalty to Bobby Ryan is over, Bobby Ryan is back on ice.
14:05 of 1st period - Derek Stepan is hit by Torey Krug and loses puck.
14:21 of 1st period - Icing by Jared Spurgeon.
14:22 of 1st period - Joe Thornton wins face-off versus Derek Roy in Jets zone.
14:25 of 1st period - Snap shot by Joe Thornton.
14:25 of 1st period - Shot Misses the Net.
14:31 of 1st period - Pernell Karl Subban is hit by Kevin Hayes and loses puck.
15:32 of 1st period - Wrist shot by Joe Thornton.
15:32 of 1st period - Stopped by Kari Lehtonen with a rebound.
15:34 of 1st period - Backhand shot by Thomas Vanek.
15:34 of 1st period - Stopped by Kari Lehtonen without a rebound.
15:35 of 1st period - Ryan Johansen wins face-off versus Joe Pavelski in Jets zone.
15:44 of 1st period - Wrist shot by Marcus Johansson.
15:44 of 1st period - Deflect By Bobby Ryan.
15:44 of 1st period - Shot Misses the Net.
15:44 of 1st period - Puck is out of play.
15:45 of 1st period - Joe Thornton wins face-off versus Bobby Ryan in Capitals zone.
15:47 of 1st period - Minor Penalty to Joe Pavelski for Holding.
15:48 of 1st period - Adam Henrique wins face-off versus Joe Thornton in Capitals zone.
17:47 of 1st period - Penalty to Joe Pavelski is over, Joe Pavelski is back on ice.
19:24 of 1st period - Marco Scandella is hit by Dan Hamhuis and loses puck.
19:48 of 1st period - Icing by Torey Krug.
19:49 of 1st period - Jason Akeson wins face-off versus Thomas Vanek in Capitals zone.
19:50 of 1st period - Snap shot by Adam Henrique.
19:50 of 1st period - Stopped by Tuukka Rask without a rebound.
19:51 of 1st period - Joe Thornton wins face-off versus Derek Stepan in Capitals zone.
19:51 of 1st period - Joe Thornton is hit by Tyler Myers.
Goals for this period are 1 for Capitals vs 1 for Jets.
Shots for this period are 9 for Capitals vs 6 for Jets.
2nd period
0:01 of 2nd period - Ryan Johansen wins face-off versus Joe Thornton in neutral zone.
0:10 of 2nd period - Snap shot by Joe Pavelski.
0:10 of 2nd period - Shot Misses the Net.
1:25 of 2nd period - Icing by Joe Pavelski.
1:26 of 2nd period - Thomas Vanek wins face-off versus Ryan Johansen in Capitals zone.
1:32 of 2nd period - Icing by Ryan Getzlaf.
1:33 of 2nd period - Brian McGrattan wins face-off versus Ryan Johansen in Capitals zone.
2:22 of 2nd period - Wrist shot by Kevin Hayes.
2:22 of 2nd period - Stopped by Tuukka Rask with a rebound.
2:32 of 2nd period - Slapshot by Derek Roy.
2:32 of 2nd period - Stopped by Tuukka Rask without a rebound.
2:33 of 2nd period - Joe Thornton wins face-off versus Ryan Johansen in Capitals zone.
2:40 of 2nd period - Wrist shot by Thomas Vanek.
2:40 of 2nd period - Shot Blocked by Oscar Klefbom.
3:07 of 2nd period - Backhand shot by Torey Krug.
3:07 of 2nd period - Stopped by Kari Lehtonen without a rebound.
3:08 of 2nd period - Ryan Getzlaf wins face-off versus Derek Stepan in Jets zone.
3:14 of 2nd period - Minor Penalty to Ryan Getzlaf for Holding.
3:15 of 2nd period - Joe Thornton wins face-off versus Derek Stepan in Capitals zone.
4:05 of 2nd period - Slapshot by Torey Krug.
4:05 of 2nd period - Shot Blocked by Derek Roy.
4:50 of 2nd period - Marco Scandella is hit by T.J. Oshie and loses puck.
5:14 of 2nd period - Penalty to Ryan Getzlaf is over, Ryan Getzlaf is back on ice.
5:41 of 2nd period - Slapshot by T.J. Oshie.
5:41 of 2nd period - Stopped by Kari Lehtonen with a rebound.
5:43 of 2nd period - Snap shot by T.J. Oshie.
5:43 of 2nd period - Stopped by Kari Lehtonen without a rebound.
5:44 of 2nd period - Derek Roy wins face-off versus Joe Thornton in Jets zone.
5:49 of 2nd period - Slapshot by Jacob Trouba.
5:49 of 2nd period - Stopped by Tuukka Rask without a rebound.
5:50 of 2nd period - Derek Roy wins face-off versus Joe Thornton in Capitals zone.
5:58 of 2nd period - Off-side.
5:59 of 2nd period - Joe Thornton wins face-off versus Ryan Johansen in neutral zone.
6:02 of 2nd period - Slapshot by Pernell Karl Subban.
6:02 of 2nd period - Stopped by Kari Lehtonen without a rebound.
6:03 of 2nd period - Joe Thornton wins face-off versus Ryan Johansen in Jets zone.
6:06 of 2nd period - Slapshot by Thomas Vanek.
6:06 of 2nd period - Stopped by Kari Lehtonen with a rebound.
6:08 of 2nd period - Wrist shot by Thomas Vanek.
6:08 of 2nd period - Stopped by Kari Lehtonen with a rebound.
6:10 of 2nd period - Slapshot by Pernell Karl Subban.
6:10 of 2nd period - Shot Blocked by Oscar Klefbom.
6:12 of 2nd period - Snap shot by Thomas Vanek.
6:12 of 2nd period - Stopped by Kari Lehtonen with a rebound.
6:36 of 2nd period - Wrist shot by Mikko Koivu.
6:36 of 2nd period - Stopped by Kari Lehtonen with a rebound.
6:46 of 2nd period - Minor Penalty to Bobby Ryan for Roughing.
6:47 of 2nd period - Erik Haula wins face-off versus Thomas Vanek in Jets zone.
8:36 of 2nd period - Jacob Trouba is hit by Joe Pavelski.
8:40 of 2nd period - Eric Gelinas is hit by Joe Thornton and loses puck.
8:46 of 2nd period - Penalty to Bobby Ryan is over, Bobby Ryan is back on ice.
11:38 of 2nd period - Wrist shot by Jared Spurgeon.
11:38 of 2nd period - Shot Misses the Net.
12:55 of 2nd period - Torey Krug is hit by Bobby Ryan and loses puck.
13:16 of 2nd period - Ryan Getzlaf is hit by Tyler Myers and loses puck.
13:29 of 2nd period - Jason Akeson is hit by Joe Thornton and loses puck.
13:42 of 2nd period - Wrist shot by Thomas Vanek.
13:42 of 2nd period - Shot Blocked by Jacob Trouba.
13:44 of 2nd period - Snap shot by Brent Burns.
13:44 of 2nd period - Shot Blocked by Jacob Trouba.
13:46 of 2nd period - Snap shot by Mikko Koivu.
13:46 of 2nd period - Stopped by Kari Lehtonen without a rebound.
13:47 of 2nd period - Peter Worrell wins face-off versus Ryan Johansen in Jets zone.
13:56 of 2nd period - Peter Worrell is hit by Marcus Johansson and loses puck.
14:09 of 2nd period - Pernell Karl Subban is hit by Oscar Klefbom and loses puck.
14:30 of 2nd period - Marco Scandella is hit by Brent Burns and loses puck.
15:27 of 2nd period - Snap shot by Derek Stepan.
15:27 of 2nd period - Deflect By Jason Akeson.
15:27 of 2nd period - Stopped by Tuukka Rask with a rebound.
15:29 of 2nd period - Snap shot by Derek Stepan.
15:29 of 2nd period - Shot Blocked by Brent Burns.
15:39 of 2nd period - Snap shot by Adam Henrique.
15:39 of 2nd period - Stopped by Tuukka Rask without a rebound.
15:40 of 2nd period - Patrick Sharp wins face-off versus Ryan Johansen in Capitals zone.
15:40 of 2nd period - Patrick Sharp is hit by Ryan Johansen.
15:57 of 2nd period - Wrist shot by Ryan Johansen.
15:57 of 2nd period - Deflect By Bobby Ryan.
15:57 of 2nd period - Shot Misses the Net.
15:57 of 2nd period - Puck is out of play.
15:58 of 2nd period - Derek Roy wins face-off versus Mikko Koivu in Capitals zone.
16:07 of 2nd period - Snap shot by Derek Roy.
16:07 of 2nd period - Stopped by Tuukka Rask with a rebound.
16:09 of 2nd period - Wrist shot by Kevin Hayes.
16:09 of 2nd period - Stopped by Tuukka Rask without a rebound.
16:10 of 2nd period - Bobby Ryan wins face-off versus Ryan Getzlaf in Capitals zone.
17:23 of 2nd period - Wrist shot by Brian McGrattan.
17:23 of 2nd period - Shot Misses the Net.
17:25 of 2nd period - Slapshot by Dan Hamhuis.
17:25 of 2nd period - Stopped by Kari Lehtonen with a rebound.
17:27 of 2nd period - Slapshot by Dan Hamhuis.
17:27 of 2nd period - Shot Blocked by Josh Bailey.
17:29 of 2nd period - Slapshot by Torey Krug.
17:29 of 2nd period - Stopped by Kari Lehtonen with a rebound.
17:31 of 2nd period - Snap shot by Brian McGrattan.
17:31 of 2nd period - Shot Blocked by Ronalds Kenins.
17:33 of 2nd period - Slapshot by Dan Hamhuis.
17:33 of 2nd period - Deflect By Brian McGrattan.
17:33 of 2nd period - Stopped by Kari Lehtonen without a rebound.
17:34 of 2nd period - Mikko Koivu wins face-off versus Ryan Johansen in Jets zone.
17:48 of 2nd period - Wrist shot by Mikko Koivu.
17:48 of 2nd period - Stopped by Kari Lehtonen without a rebound.
17:49 of 2nd period - Joe Thornton wins face-off versus Derek Stepan in Jets zone.
17:56 of 2nd period - Snap shot by Joe Thornton.
17:56 of 2nd period - Stopped by Kari Lehtonen with a rebound.
17:58 of 2nd period - Slapshot by Joe Pavelski.
17:58 of 2nd period - Shot Misses the Net.
18:00 of 2nd period - Slapshot by Brent Burns.
18:00 of 2nd period - Shot Blocked by Jason Akeson.
18:02 of 2nd period - Snap shot by Joe Pavelski.
18:02 of 2nd period - Deflect By Joe Thornton.
18:02 of 2nd period - Shot Misses the Net.
18:02 of 2nd period - Puck is out of play.
18:03 of 2nd period - Joe Thornton wins face-off versus Bobby Ryan in Jets zone.
18:20 of 2nd period - Wrist shot by Ryan Johansen.
18:20 of 2nd period - Stopped by Tuukka Rask without a rebound.
18:21 of 2nd period - Derek Stepan wins face-off versus Mikko Koivu in Capitals zone.
18:24 of 2nd period - Snap shot by Adam Henrique.
18:24 of 2nd period - Shot Misses the Net.
18:26 of 2nd period - Wrist shot by Derek Stepan.
18:26 of 2nd period - Shot Blocked by Mikko Koivu.
18:28 of 2nd period - Backhand shot by Tyler Myers.
18:28 of 2nd period - Deflect By Derek Stepan.
18:28 of 2nd period - Shot Misses the Net.
18:28 of 2nd period - Puck is out of play.
18:29 of 2nd period - Derek Stepan wins face-off versus Mikko Koivu in Capitals zone.
18:32 of 2nd period - Wrist shot by Derek Stepan.
18:32 of 2nd period - Stopped by Tuukka Rask without a rebound.
18:33 of 2nd period - Ryan Johansen wins face-off versus Joe Thornton in Capitals zone.
18:44 of 2nd period - Slapshot by Marcus Johansson.
18:44 of 2nd period - Stopped by Tuukka Rask with a rebound.
18:46 of 2nd period - Slapshot by Marco Scandella.
18:46 of 2nd period - Stopped by Tuukka Rask without a rebound.
18:47 of 2nd period - Joe Thornton wins face-off versus Ryan Johansen in Capitals zone.
18:47 of 2nd period - Joe Thornton is hit by Tyler Myers.
19:13 of 2nd period - Adam Henrique is hit by Ryan Getzlaf and loses puck.
19:34 of 2nd period - Slapshot by Tyler Myers.
19:34 of 2nd period - Deflect By Kevin Hayes.
19:34 of 2nd period - Stopped by Tuukka Rask with a rebound.
19:36 of 2nd period - Snap shot by Erik Haula.
19:36 of 2nd period - Goal by Erik Haula - Capitals : 1 - Jets : 2.
19:37 of 2nd period - Joe Thornton wins face-off versus Bobby Ryan in neutral zone.
19:39 of 2nd period - Minor Penalty to Brent Burns for Interference.
19:40 of 2nd period - Joe Thornton wins face-off versus Derek Stepan in Capitals zone.
19:45 of 2nd period - Icing by Derek Roy.
19:46 of 2nd period - Joe Thornton wins face-off versus Derek Stepan in Jets zone.
19:55 of 2nd period - Snap shot by Joe Pavelski.
19:55 of 2nd period - Stopped by Kari Lehtonen with a rebound.
19:57 of 2nd period - Snap shot by Joe Pavelski.
19:57 of 2nd period - Shot Misses the Net.
19:59 of 2nd period - Slapshot by Pernell Karl Subban.
19:59 of 2nd period - Shot Hit the Post.
Goals for this period are 0 for Capitals vs 1 for Jets.
Shots for this period are 15 for Capitals vs 13 for Jets.
3rd period
0:01 of 3rd period - Joe Thornton wins face-off versus Derek Stepan in neutral zone.
0:47 of 3rd period - Icing by Derek Roy.
0:48 of 3rd period - Derek Stepan wins face-off versus Joe Thornton in Jets zone.
1:39 of 3rd period - Penalty to Brent Burns is over, Brent Burns is back on ice.
1:39 of 3rd period - Slapshot by Eric Gelinas.
1:39 of 3rd period - Stopped by Tuukka Rask without a rebound.
1:40 of 3rd period - Ryan Johansen wins face-off versus Ryan Getzlaf in Capitals zone.
1:45 of 3rd period - Wrist shot by Ryan Johansen.
1:45 of 3rd period - Goal by Ryan Johansen - Capitals : 1 - Jets : 3.
1:46 of 3rd period - Brian McGrattan wins face-off versus Ryan Johansen in neutral zone.
1:56 of 3rd period - Minor Penalty to Tyler Myers for Diving.
1:57 of 3rd period - Erik Haula wins face-off versus Joe Thornton in Jets zone.
2:32 of 3rd period - Snap shot by Pernell Karl Subban.
2:32 of 3rd period - Shot Blocked by Marco Scandella.
2:34 of 3rd period - Snap shot by Pernell Karl Subban.
2:34 of 3rd period - Deflect By Ryan Getzlaf.
2:34 of 3rd period - Stopped by Kari Lehtonen with a rebound.
2:58 of 3rd period - Ryan Getzlaf is hit by Ronalds Kenins and loses puck.
3:27 of 3rd period - Joe Thornton is hit by Oscar Klefbom and loses puck.
3:56 of 3rd period - Penalty to Tyler Myers is over, Tyler Myers is back on ice.
4:10 of 3rd period - Wrist shot by Jared Spurgeon.
4:10 of 3rd period - Stopped by Tuukka Rask with a rebound.
4:12 of 3rd period - Slapshot by Jacob Trouba.
4:12 of 3rd period - Deflect By Tyler Myers.
4:12 of 3rd period - Shot Misses the Net.
4:12 of 3rd period - Puck is out of play.
4:13 of 3rd period - Derek Stepan wins face-off versus Mikko Koivu in Capitals zone.
4:22 of 3rd period - Wrist shot by T.J. Oshie.
4:22 of 3rd period - Stopped by Kari Lehtonen with a rebound.
4:36 of 3rd period - Roman Josi is hit by Kevin Hayes and loses puck.
5:04 of 3rd period - Off-side.
5:05 of 3rd period - Joe Thornton wins face-off versus Ryan Johansen in neutral zone.
5:20 of 3rd period - Marcus Johansson is hit by Joe Thornton and loses puck.
6:15 of 3rd period - Snap shot by Ronalds Kenins.
6:15 of 3rd period - Stopped by Tuukka Rask with a rebound.
6:17 of 3rd period - Snap shot by Derek Roy.
6:17 of 3rd period - Shot Blocked by Thomas Vanek.
6:19 of 3rd period - Slapshot by Marco Scandella.
6:19 of 3rd period - Deflect By Derek Roy.
6:19 of 3rd period - Stopped by Tuukka Rask with a rebound.
6:21 of 3rd period - Slapshot by Marco Scandella.
6:21 of 3rd period - Shot Blocked by Dan Hamhuis.
6:23 of 3rd period - Backhand shot by Derek Roy.
6:23 of 3rd period - Stopped by Tuukka Rask without a rebound.
6:24 of 3rd period - Ryan Getzlaf wins face-off versus Derek Stepan in Capitals zone.
6:32 of 3rd period - Off-side.
6:33 of 3rd period - Derek Stepan wins face-off versus Ryan Getzlaf in neutral zone.
6:46 of 3rd period - Snap shot by Adam Henrique.
6:46 of 3rd period - Shot Misses the Net.
6:48 of 3rd period - Slapshot by Oscar Klefbom.
6:48 of 3rd period - Deflect By Brian McGrattan.
6:48 of 3rd period - Stopped by Tuukka Rask with a rebound.
6:50 of 3rd period - Slapshot by Jason Akeson.
6:50 of 3rd period - Stopped by Tuukka Rask without a rebound.
6:51 of 3rd period - Ryan Johansen wins face-off versus Thomas Vanek in Capitals zone.
7:04 of 3rd period - Wrist shot by Joe Thornton.
7:04 of 3rd period - Shot Misses the Net.
9:01 of 3rd period - Snap shot by Derek Stepan.
9:01 of 3rd period - Stopped by Tuukka Rask with a rebound.
9:03 of 3rd period - Snap shot by Derek Stepan.
9:03 of 3rd period - Shot Misses the Net.
9:18 of 3rd period - Icing by Pernell Karl Subban.
9:19 of 3rd period - Ryan Getzlaf wins face-off versus Derek Roy in Capitals zone.
10:06 of 3rd period - Wrist shot by Sam Gagner.
10:06 of 3rd period - Stopped by Tuukka Rask without a rebound.
10:07 of 3rd period - Joe Thornton wins face-off versus Sam Gagner in Capitals zone.
10:19 of 3rd period - Slapshot by Joe Pavelski.
10:19 of 3rd period - Shot Misses the Net.
10:29 of 3rd period - Ronalds Kenins is hit by Torey Krug and loses puck.
11:02 of 3rd period - Off-side.
11:03 of 3rd period - Derek Stepan wins face-off versus Mikko Koivu in neutral zone.
11:08 of 3rd period - Mikko Koivu is hit by Adam Henrique and loses puck.
12:09 of 3rd period - Jacob Trouba is hit by Brian McGrattan and loses puck.
12:14 of 3rd period - Snap shot by Brian McGrattan.
12:14 of 3rd period - Stopped by Kari Lehtonen with a rebound.
12:22 of 3rd period - Slapshot by Ryan Getzlaf.
12:22 of 3rd period - Stopped by Kari Lehtonen with a rebound.
13:02 of 3rd period - Slapshot by Jacob Trouba.
13:02 of 3rd period - Shot Blocked by Joe Pavelski.
14:22 of 3rd period - Snap shot by Bobby Ryan.
14:22 of 3rd period - Stopped by Tuukka Rask without a rebound.
14:23 of 3rd period - Ryan Johansen wins face-off versus Mikko Koivu in Capitals zone.
14:24 of 3rd period - Snap shot by Bobby Ryan.
14:24 of 3rd period - Stopped by Tuukka Rask with a rebound.
14:31 of 3rd period - Icing by Pernell Karl Subban.
14:32 of 3rd period - Ryan Johansen wins face-off versus Ryan Getzlaf in Capitals zone.
14:35 of 3rd period - Snap shot by Ryan Johansen.
14:35 of 3rd period - Shot Misses the Net.
15:06 of 3rd period - Pernell Karl Subban is hit by Oscar Klefbom and loses puck.
15:31 of 3rd period - Slapshot by Oscar Klefbom.
15:31 of 3rd period - Shot Blocked by Torey Krug.
15:37 of 3rd period - Snap shot by Kevin Hayes.
15:37 of 3rd period - Shot Blocked by Dan Hamhuis.
16:04 of 3rd period - Eric Gelinas is hit by Joe Pavelski and loses puck.
17:10 of 3rd period - Backhand shot by Kevin Hayes.
17:10 of 3rd period - Shot Misses the Net.
17:16 of 3rd period - Wrist shot by Ryan Johansen.
17:16 of 3rd period - Stopped by Tuukka Rask with a rebound.
17:18 of 3rd period - Slapshot by Tyler Myers.
17:18 of 3rd period - Stopped by Tuukka Rask without a rebound.
17:19 of 3rd period - Derek Roy wins face-off versus Joe Thornton in Capitals zone.
17:25 of 3rd period - Off-side.
17:26 of 3rd period - Joe Thornton wins face-off versus Derek Roy in neutral zone.
17:26 of 3rd period - Joe Thornton is hit by Marco Scandella.
17:31 of 3rd period - Off-side.
17:32 of 3rd period - Joe Thornton wins face-off versus Derek Roy in neutral zone.
17:40 of 3rd period - Slapshot by Joe Thornton.
17:40 of 3rd period - Stopped by Kari Lehtonen without a rebound.
17:41 of 3rd period - Derek Roy wins face-off versus Ondrej Palat in Jets zone.
18:04 of 3rd period - Wrist shot by Joe Pavelski.
18:04 of 3rd period - Shot Blocked by Marco Scandella.
18:06 of 3rd period - Snap shot by Joe Pavelski.
18:06 of 3rd period - Shot Misses the Net.
18:08 of 3rd period - Slapshot by Brent Burns.
18:08 of 3rd period - Shot Blocked by Marco Scandella.
18:26 of 3rd period - Snap shot by Joe Thornton.
18:26 of 3rd period - Deflect By Ondrej Palat.
18:26 of 3rd period - Goal by Ondrej Palat - Capitals : 2 - Jets : 3.
18:27 of 3rd period - Ryan Getzlaf wins face-off versus Derek Stepan in neutral zone.
18:46 of 3rd period - Minor Penalty to Ryan Getzlaf for High sticking.
18:47 of 3rd period - Derek Stepan wins face-off versus Joe Thornton in Capitals zone.
19:01 of 3rd period - Snap shot by Joe Thornton.
19:01 of 3rd period - Shot Misses the Net.
Goals for this period are 1 for Capitals vs 1 for Jets.
Shots for this period are 6 for Capitals vs 14 for Jets.
Back to the Top